 Dungeon Crawl Stone Soup version 0.31-a0-881-ge136f0c47a (webtiles) character file.

Game seed: 8877438319903895450

11417 pokeman the Thaumaturge (level 11, -4/61 HPs)
             Began as a Deep Elf Hedge Wizard on Oct 15, 2023.
             Was a Believer of Vehumet.
             Slain by a komodo dragon (29 damage)
             ... on level 1 of the Lair of Beasts.
             The game lasted 00:27:55 (13141 turns).

pokeman the Thaumaturge (Deep Elf Hedge Wizard)    Turns: 13141, Time: 00:27:56

Health: -4/61      AC:  8    Str:  7    XL:     11   Next: 49%
Magic:  23/31      EV: 13    Int: 24    God:    Vehumet [**....]
Gold:   317        SH:  0    Dex: 14    Spells: 16/39 levels left

rFire   + . .        x - +1 short sword (venom)
rCold   . . .        (no shield)
rNeg    + . .        R - +3 robe of Clouds {*Thunder rCloud rElec}
rPois   .            F - +2 hat
rElec   +            v - scarf "Ohatescho" {repulsion, +Inv Stlth+}
rCorr   .            (no gloves)
SInv    .            G - +0 pair of boots
Will    +....        (no amulet)
Stlth   +++          y - ring of protection from fire
HPRegen 0.30/turn    c - ring of positive energy
MPRegen 0.22/turn

%: repel missiles
@: no status effects
A: no striking features
a: Renounce Religion, Evoke Invisibility


You were on level 1 of the Lair of Beasts.
You worshipped Vehumet.
Vehumet was pleased with you.
You visited 3 branches of the dungeon, and saw 14 of its levels.
You also visited: Ossuary.

You collected 673 gold pieces.
You spent 356 gold pieces at shops.

Inventory:

Hand Weapons
 b - the +3 trident "Spiderbane" {flame, *Noise rElec Int+3}
   (You found it on level 9 of the Dungeon)

   Int+3:     It affects your intelligence (+3).
   rElec:     It insulates you from electricity.
   *Noise:    It may make a loud noise when swung.
 x - a +1 short sword of venom (weapon)
Missiles
 u - 8 curare-tipped darts
 Q - a throwing net
Armour
 v - the scarf "Ohatescho" (worn) {repulsion, +Inv Stlth+}
   (You found it on level 3 of the Dungeon)

   +Inv:      It lets you turn invisible.
   Stlth+:    It makes you more stealthy.
 F - a +2 hat (worn)
 G - a +0 pair of boots (worn)
 O - +0 swamp dragon scales
 R - the +3 robe of Clouds (worn) {*Thunder rCloud rElec}
   (You bought it in a shop on level 3 of the Dungeon)

   *Thunder:  It occasionally creates storm clouds above nearby enemies.
   rCloud:    It grants its wearer immunity to clouds.
   rElec:     It insulates you from electricity.
Magical Staves
 s - a staff of fire
Jewellery
 c - a ring of positive energy (right hand)
 o - a ring of ice
 y - a ring of protection from fire (left hand)
 P - a ring of flight
Wands
 a - a wand of mindburst (14)
 f - a wand of flame (6)
 E - a wand of paralysis (11)
Scrolls
 e - 6 scrolls of teleportation
 j - 2 scrolls of revelation
 p - 3 scrolls of enchant armour
 r - 5 scrolls of amnesia {unknown}
 t - 2 scrolls of torment {unknown}
 w - 2 scrolls of blinking {unknown}
 A - a scroll of poison {unknown}
 D - 3 scrolls of immolation {unknown}
 J - 3 scrolls of acquirement {unknown}
 K - 2 scrolls of fog {unknown}
 M - 4 scrolls of fear {unknown}
Potions
 d - a potion of magic
 h - 3 potions of heal wounds
 l - 2 potions of haste
 n - 6 potions of curing
 C - 3 potions of degeneration
 H - 2 potions of enlightenment {unknown}
 L - 2 potions of attraction {unknown}
 S - a potion of cancellation {unknown}
 T - 2 potions of ambrosia {unknown}
 V - a potion of resistance {unknown}


   Skills:
 - Level 4.0 Fighting
 + Level 4.3 Armour
 - Level 3.1 Dodging
 - Level 3.0 Stealth
 * Level 14.5 Spellcasting
 + Level 8.4 Conjurations
 - Level 1.1 Summonings
 - Level 1.1 Translocations
 + Level 7.6 Fire Magic
 - Level 1.0 Air Magic
 + Level 7.6 Earth Magic
 - Level 1.1 Poison Magic
 - Level 1.3 Evocations


You had 16 spell levels left.
You knew the following spells:

 Your Spells              Type           Power      Damage    Failure   Level
a - Magic Dart            Conj           100%       1d8       1%          1
b - Mephitic Cloud        Conj/Pois/Air  34%        N/A       2%          3
c - Call Imp              Summ           44%        N/A       3%          2
d - Blink                 Tloc           44%        N/A       3%          2
e - Foxfire               Conj/Fire      100%       2x1d9     1%          1
f - Stone Arrow           Conj/Erth      100%       3d13      1%          3
g - Lee's Rapid Deconstr  Erth           26%        3d14*     4%          5
h - Bombard               Conj/Erth      27%        9d5       19%         6

Your spell library contained the following spells:

 Spells                   Type           Power      Damage    Failure   Level
 Searing Ray              Conj           100%       2d8       1%          2
 Kiss of Death            Conj/Necr      100%       2d13      1%          1
 Sandblast                Erth           100%       2d20      1%          1
 Shock                    Conj/Air       100%       1d9       1%          1
 Passwall                 Tmut/Erth      29%        N/A       1%          2
 Static Discharge         Conj/Air       80%        2-6/arc   1%          2
 Brom's Barrelling Bould  Conj/Erth      54%        2d7       1%          4
 Sticky Flame             Conj/Fire      54%        2d7       1%          4
 Sting                    Tmut/Pois      80%        1d7       2%          1
 Slow                     Hex            68%        N/A       3%          1
 Cigotuvi's Dreadful Rot  Necr/Pois/Air  40%        N/A       3%          2
 Poisonous Vapours        Pois/Air       44%        N/A       3%          2
 Animate Armour           Summ/Erth      76%        N/A       5%          4
 Call Canine Familiar     Summ           22%        N/A       6%          3
 Swiftness                Air            22%        N/A       7%          3
 Leda's Liquefaction      Hex/Erth       17%        N/A       7%          4
 Ozocubu's Armour         Ice            17%        N/A       10%         3
 Sigil of Binding         Hex            17%        N/A       10%         3
 Olgreb's Toxic Radiance  Pois           23%        N/A       21%         4
 Airstrike                Air            11%        2d(2-18)  22%         4
 Manifold Assault         Tloc           22%        N/A       22%         4
 Passage of Golubria      Tloc           22%        N/A       22%         4
 Summon Lightning Spire   Summ/Air       22%        N/A       22%         4
 Dimensional Bullseye     Hex/Tloc       10%        N/A       26%         4
 Silence                  Hex/Air        9%         N/A       58%         5
 Dispersal                Tloc           11%        N/A       97%         6
 Ozocubu's Refrigeration  Ice            8%         4d9       100%        7
 Disjunction              Tloc           11%        N/A       100%        8
 Lehudib's Crystal Spear  Conj/Erth      27%        10d7      100%        8


Dungeon Overview and Level Annotations

Branches:
Dungeon (12/15)            Temple (1/1) D:7            Lair (1/5) D:8
    Orc (0/2) D:12        Ossuary (visited)

Altars:
Ashenzari
Cheibriados
Dithmenos
Elyvilon
Fedhas
Gozag
Hepliaklqana
Kikubaaqudgha
Makhleb
Nemelex Xobeh
Okawaru
Qazlal
Ru
Sif Muna
Trog
Uskayaw
Vehumet
Wu Jian
Xom
Yredelemnul
Zin
The Shining One

Shops:
D:3 [   D:11 :

Annotations:
D:8 3 runed translucent doors, 0gre's ghost, journeyman GnIE
D:12 Frances; Jorgrun


Message History

You hit the bullfrog.
The bullfrog is poisoned.
The bullfrog is severely wounded.
Storm clouds gather above the bullfrog.
The bullfrog is engulfed in a thunderstorm.
You kill the bullfrog!
Vehumet accepts your kill.
You feel your power returning.
The komodo dragon barely misses the komodo dragon.
Unknown command.
Casting: Mephitic Cloud (dangerous; 2% risk of failure)
Confirm with . or Enter, or press ? or * to list all spells.
Aiming: Mephitic Cloud (dangerous; 2% risk of failure)
Press: ? - help, Shift-Dir - straight line The ball explodes into a vile cloud!
The stinking cloud engulfs the komodo dragon but does no damage. x2
The komodo dragon is almost dead.
You hear a howl!
The komodo dragon seems less confused.
The komodo dragon is engulfed in noxious fumes.
The komodo dragon appears confused.
The komodo dragon is engulfed in noxious fumes.
Unknown command.
Unknown command.
Casting: Mephitic Cloud (dangerous; 2% risk of failure)
Confirm with . or Enter, or press ? or * to list all spells.
Aiming: Stone Arrow (safe; 1% risk of failure)
Press: ? - help, Shift-Dir - straight line, f - water moccasin
Aim: a water moccasin (noxious fumes, 63% to hit)
Okay, then.
Unknown command.
Casting: Stone Arrow (safe; 1% risk of failure)
Confirm with . or Enter, or press ? or * to list all spells.
Aiming: Stone Arrow (safe; 1% risk of failure)
Press: ? - help, Shift-Dir - straight line, f - water moccasin
Aim: a water moccasin (noxious fumes, 63% to hit)
The stone arrow hits the komodo dragon!!
The komodo dragon is heavily wounded.
The komodo dragon is engulfed in a thunderstorm.
The komodo dragon bites you!!
You die...

#........## .
####'.#### .. #.## ...
####.# ....######
###.##'####
.........###.........#
......☼○l+.#.........#
#.°☼l#.P.........#
#.○§S@...........#
#....#...........#
######...........#
###.........#
###########


You could see 2 komodo dragons and a water moccasin.

Vanquished Creatures
  4 two-headed ogres
  Sonja (D:11)
  An ugly thing (D:11)
  Maggie (D:7)
  A komodo dragon (Lair:1)
  2 kobold demonologists
  2 trolls
  A hornet (D:9)
  A wyvern (D:10)
  4 yaks (D:9)
  A vampire (D:11)
  A basilisk (Lair:1)
  2 steam dragons
  Menkaure (D:6)
  2 water moccasins (D:8)
  An acid dragon (D:11)
  2 ice beasts
  5 orc warriors
  A sky beast (D:6)
  3 black bears
  4 wolves (Lair:1)
  3 ogres
  3 centaurs
  A phantom (D:5)
  3 kobold brigands
  7 bullfrogs
  An elf zombie (Ossuary)
  5 scorpions
  A gnoll sergeant (D:7)
  7 wights
  3 killer bees (D:9)
  2 howler monkeys
  A hound (D:4)
  2 jellies
  A gnoll bouda (D:5)
  A human zombie (Ossuary)
  3 sleepcaps
  8 orc priests
  4 iguanas
  12 orc wizards
  4 mummies (Ossuary)
  7 adders
  12 gnolls
  2 white imps
  2 adder zombies (Ossuary)
  5 dart slugs
  40 orcs
  3 bats
  4 endoplasms
  A giant cockroach (D:3)
  5 goblins
  7 hobgoblins
  7 jackals
  2 quokkas
  5 ball pythons
  3 frilled lizards
  A hobgoblin zombie (Ossuary)
  A jackal zombie (Ossuary)
  15 kobolds
  A kobold zombie (Ossuary)
  An orc zombie (Ossuary)
  11 rats
248 creatures vanquished.

Vanquished Creatures (collateral kills)
  A hobgoblin zombie (Ossuary)
  An orc zombie (Ossuary)
  2 rat zombies (Ossuary)
4 creatures vanquished.

Vanquished Creatures (others)
  107 foxfires
107 creatures vanquished.

Grand Total: 359 creatures vanquished

Notes
Turn   | Place    | Note
-------+----------+-------------------------------------------
     0 | D:1      | pokeman the Deep Elf Hedge Wizard began the quest for the
                  | Orb.
     0 | D:1      | Reached XP level 1. HP: 10/10 MP: 7/7
   337 | D:1      | Reached XP level 2. HP: 16/16 MP: 5/9
   965 | D:1      | Reached skill level 5 in Spellcasting
   996 | D:1      | Reached XP level 3. HP: 20/20 MP: 3/11
  1000 | D:1      | Learned a level 3 spell: Mephitic Cloud
  1003 | D:1      | Learned a level 2 spell: Call Imp
  1006 | D:1      | Learned a level 2 spell: Blink
  1685 | D:2      | Reached skill level 1 in Fighting
  1685 | D:2      | Reached skill level 1 in Armour
  2086 | D:2      | Reached XP level 4. HP: 25/25 MP: 7/13
  2385 | D:3      | Found Xuolos's Armour Shop.
  2453 | D:3      | Identified the scarf "Ohatescho" {repulsion, +Inv Stlth+}
  2642 | D:3      | Learned a level 3 spell: Stone Arrow
  3133 | D:4      | Reached skill level 6 in Spellcasting
  3133 | D:4      | Reached XP level 5. HP: 29/29 MP: 11/15
  3876 | D:4      | Noticed an orc warrior
  3892 | D:4      | Killed an orc warrior
  3893 | D:4      | Reached skill level 1 in Fire Magic
  3893 | D:4      | Reached skill level 1 in Air Magic
  3893 | D:4      | Reached skill level 1 in Earth Magic
  3893 | D:4      | Reached skill level 1 in Poison Magic
  3893 | D:4      | Reached skill level 1 in Evocations
  3893 | D:4      | Reached XP level 6. HP: 33/34 MP: 0/17
  4186 | D:5      | Entered Level 5 of the Dungeon
  4275 | D:5      | Reached skill level 7 in Spellcasting
  4311 | D:5      | Reached XP level 7. HP: 36/38 MP: 2/19
  5295 | D:6      | Reached skill level 8 in Spellcasting
  5646 | D:6      | Reached XP level 8. HP: 44/44 MP: 15/22
  5941 | D:6      | Noticed Menkaure
  5946 | D:6      | Reached skill level 9 in Spellcasting
  5952 | D:6      | Killed Menkaure
  6498 | D:7      | Reached skill level 5 in Conjurations
  6602 | D:7      | Reached skill level 10 in Spellcasting
  6718 | D:7      | Found a sand-covered staircase.
  6761 | Ossuary  | Entered an ossuary
  6767 | Ossuary  | Reached XP level 9. HP: 48/48 MP: 11/25
  7181 | D:7      | Noticed Maggie
  7189 | D:7      | Paralysed by Maggie for 4 turns
  7203 | D:7      | Paralysed by Maggie for 5 turns
  7209 | D:7      | HP: 2/48 [Maggie/+1 scimitar of flaming (1)]
  7222 | D:7      | Killed Maggie
  7713 | D:7      | Found a staircase to the Ecumenical Temple.
  7721 | Temple   | Entered the Ecumenical Temple
  7733 | Temple   | Became a worshipper of Vehumet
  7791 | D:8      | Reached skill level 11 in Spellcasting
  7791 | D:8      | Reached skill level 5 in Fire Magic
  7794 | D:8      | Reached skill level 5 in Earth Magic
  7867 | D:8      | Learned a level 5 spell: Lee's Rapid Deconstruction
  7956 | D:8      | Found a staircase to the Lair.
  8421 | D:8      | Found a runed translucent gate.
  8421 | D:8      | Found a runed translucent gate.
  8421 | D:8      | Found a runed translucent gate.
  8449 | D:8      | Noticed 0gre's ghost (journeyman GnIE)
  8530 | D:8      | Reached XP level 10. HP: 47/56 MP: 20/27
  9248 | D:3      | Bought the +3 robe of Clouds {*Thunder rCloud rElec} for
                  | 356 gold pieces
  9248 | D:3      | Found the +3 robe of Clouds {*Thunder rCloud rElec}
  9391 | D:9      | Reached skill level 12 in Spellcasting
  9432 | D:9      | Reached * piety under Vehumet
  9432 | D:9      | Offered knowledge of Foxfire by Vehumet.
  9435 | D:9      | Learned a level 1 spell: Foxfire
  9657 | D:9      | Noticed a rust devil
  9922 | D:9      | Identified the +3 trident "Spiderbane" {flame, *Noise rElec
                  | Int+3}
 10150 | D:9      | Found a sparkling altar of Nemelex Xobeh.
 10278 | D:10     | Entered Level 10 of the Dungeon
 10395 | D:10     | Got an uncut book
 10403 | D:10     | Learned a level 6 spell: Bombard
 10489 | D:10     | Noticed a two-headed ogre
 10494 | D:10     | Killed a two-headed ogre
 10495 | D:10     | Reached skill level 13 in Spellcasting
 10720 | D:10     | Noticed a boulder beetle
 10720 | D:10     | Noticed a boulder beetle
 11347 | D:10     | Noticed a two-headed ogre
 11353 | D:10     | Killed a two-headed ogre
 11478 | D:10     | Found a snail-covered altar of Cheibriados.
 11701 | D:11     | Found Omathan's Book Shop.
 11744 | D:11     | Noticed a two-headed ogre
 11768 | D:11     | Killed a two-headed ogre
 11769 | D:11     | Reached XP level 11. HP: 35/61 MP: 5/30
 11814 | D:11     | Noticed a two-headed ogre
 11818 | D:11     | Killed a two-headed ogre
 11981 | D:11     | Reached ** piety under Vehumet
 11981 | D:11     | Offered knowledge of Searing Ray by Vehumet.
 12068 | D:11     | Noticed a white ugly thing
 12078 | D:11     | Noticed Sonja
 12079 | D:11     | Killed a white ugly thing
 12080 | D:11     | Reached skill level 14 in Spellcasting
 12085 | D:11     | Killed Sonja
 12596 | D:12     | Found a staircase to the Orcish Mines.
 12635 | D:12     | Noticed Frances
 12636 | D:12     | Noticed a two-headed ogre
 12636 | D:12     | Noticed Jorgrun
 12925 | Lair:1   | Entered Level 1 of the Lair of Beasts
 13141 | Lair:1   | Slain by a komodo dragon

Illustrated notes

Levels and vault maps discovered:
D:1:      giann_wishing_wells, layout_basic
D:2:      kennysheep_six_static_rooms, layout_basic
D:3:      layout_basic, serial_shops, shop
D:4:      layout_loops_cross, serial_glass, glass_columns_a, glass_columns_c,
          glass_columns_c, glass_columns_a, glass_columns_a, glass_columns_b
D:5:      layout_basic
D:6:      layout_loops_cross, uniq_menkaure
D:7:      layout_cave_pools, minmay_temple_entry_statues,
          nicolae_ossuary_entry_false_entrances, uniq_maggie
D:8:      layout_basic, due_lair_maze_entry_diamond, gammafunk_ghost_icy,
          patterned_corridor
D:9:      layout_cave_pools, lemuel_round_altar
D:10:     layout_loops_corners, marbit_many_paths, lightli_corner_chamber
D:11:     layout_loops_ring, serial_shops, kennysheep_mini_moat,
          kennysheep_generic_room_4, uniq_sonja
D:12:     minmay_the_grid_octo_tiled_squarecenter_mashed
          [minmay_the_grid_octo_horde, minmay_the_grid_octo_fan_narrow,
          minmay_the_grid_octo_chip, minmay_the_grid_octo_tetromino_candy,
          minmay_the_grid_square_5x5_megaprize_diamond,
          minmay_the_grid_square_5x5_percent,
          minmay_the_grid_square_5x5_checkered,
          minmay_the_grid_square_5x5_inner_z,
          minmay_the_grid_square_5x5_inverted_slash], layout_cave_pools,
          orc_0_dummy, serial_shops, shop, uniq_jorgrun, uniq_frances
Temple:   nicolae_temple_bog_church
Lair:1:   layout_roguey, chequers_serial_rivers_large_a, columned_hall_lemuel,
          infiniplex_staircase_pool_2, lemuel_fruit_fields

Skill      XL: |  1  2  3  4  5  6  7  8  9 10 11 |
---------------+----------------------------------+-----
Spellcasting   | 5 6 7 8 10 11 13 14 | 14.5
Fighting       | 1 2 3 4 |  4.0
Armour         | 1 2 3 4 |  4.3
Conjurations   | 2 3 4 5 6 7 8 |  8.4
Stealth        | 3 |  3.0
Dodging        | 3 |  3.1
Fire Magic     | 1 2 4 5 7 |  7.6
Air Magic      | 1 |  1.0
Earth Magic    | 1 2 4 5 7 |  7.6
Poison Magic   | 1 |  1.1
Evocations     | 1 |  1.3
Summonings     | |  1.1
Translocations | |  1.1

Action                     |  1- 3 |  4- 6 |  7- 9 | 10-12 || total
---------------------------+-------+-------+-------+-------++-------
  Melee: Dagger            |    27 |       |       |       ||    27
         Spear             |       |    10 |       |       ||    10
         Short sword       |       |    47 |    99 |    48 ||   194
         Punch             |       |       |     1 |     3 ||     4
   Cast: Magic Dart        |    93 |    92 |    24 |     2 ||   211
         Mephitic Cloud    |     1 |     6 |     9 |    23 ||    39
         Stone Arrow       |       |     5 |    97 |    84 ||   186
         Call Imp          |       |     1 |     2 |     1 ||     4
         Blink             |       |       |     4 |       ||     4
         Foxfire           |       |       |       |    57 ||    57
  Evoke: Wand              |       |       |     2 |       ||     2
    Use: Potion            |     1 |       |       |       ||     1
         Scroll            |       |       |       |    14 ||    14
   Stab: Confused          |     1 |     1 |     1 |     6 ||     9
         Paralysed         |       |       |     5 |       ||     5
         Sleeping          |       |       |     1 |       ||     1
 Armour: Robe              |    23 |    25 |    97 |    57 ||   202
  Dodge: Dodged            |    24 |    46 |   135 |    44 ||   249
         Repelled          |       |     2 |       |     1 ||     3

Table legend: (Time is in decaauts)
 A = Elapsed time spent in this place.
 B = Non-inter-level travel time spent in this place.
 C = Inter-level travel time spent in this place.
 D = Time resting spent in this place.
 E = Time spent auto-exploring this place.
 F = Levels seen in this place.
 G = Mean time per level.
                   A        B        C        D        E       F      G
               +--------+--------+--------+--------+--------+-----+--------+
         Total |  13154 |  12546 |    608 |    478 |  10178 |  15 |  876.9 |
       Dungeon |  12531 |  11949 |    582 |    478 |   9753 |  12 | 1044.2 |
        Temple |     59 |     34 |     25 |      0 |      0 |   1 |   59.0 |
          Lair |    217 |    217 |      0 |      0 |    167 |   1 |  217.0 |
       Ossuary |    346 |    346 |      0 |      0 |    257 |   1 |  346.0 |
               +--------+--------+--------+--------+--------+-----+--------+

Top non-repeatable levels by time:
     D:8: 1678 daAuts
     D:6: 1397 daAuts
    D:10: 1325 daAuts
     D:1: 1314 daAuts
     D:4: 1253 daAuts
     D:5: 1174 daAuts
    D:11: 1168 daAuts
     D:2: 969 daAuts
     D:7: 766 daAuts
     D:3: 720 daAuts
     D:9: 711 daAuts
 Ossuary: 346 daAuts
  Lair:1: 217 daAuts
  Temple: 59 daAuts
    D:12: 52 daAuts
